 Dungeon Crawl Stone Soup version 0.30-a0-800-g7c544603b3 (webtiles) character file.

Game seed: 17787680278556848333

4553 bmack86 the Cleaver (level 10, -4/88 HPs)
             Began as a Minotaur Fighter on Feb 23, 2023.
             Was a Believer of Okawaru.
             Slain by an orc warrior
             ... wielding a +0 trident
              (9 damage)
             ... on level 9 of the Dungeon.
             The game lasted 00:19:45 (6690 turns).

bmack86 the Cleaver (Minotaur Fighter)              Turns: 6690, Time: 00:19:46

Health: -4/88      AC: 23    Str: 32    XL:     10   Next: 17%
Magic:  9/11       EV: 10    Int:  5    God:    Okawaru [**....]
Gold:   550        SH:  7    Dex: 13    Spells: 9/9 levels left

rFire   . . .      SeeInvis +    a - +0 war axe
rCold   + . .      Faith    .    c - +0 buckler
rNeg    + . .      Spirit   .    l - +0 plate armour
rPois   .          Reflect  .    J - +2 hat of the Muttering Gods {rN+ Dex+4 SInv}
rElec   .          Harm     .    e - +0 cloak
rCorr   .          Rampage  .    o - +0 pair of gloves
Will    .....                    f - +1 pair of boots Stlth
                                 b - amulet of regeneration
HPRegen 1.14/turn                m - +6 ring of strength
MPRegen 0.12/turn                I - ring of protection from cold

@: heroic
A: horns 2, retaliatory headbutt
a: Renounce Religion, Heroism


You were on level 9 of the Dungeon.
You worshipped Okawaru.
Okawaru was pleased with you.
You visited 1 branch of the dungeon, and saw 9 of its levels.

You collected 550 gold pieces.

Inventory:

Hand Weapons
 a - a +0 war axe (weapon)
Missiles
 s - 5 atropa-tipped darts
 u - 4 curare-tipped darts (quivered)
 E - 8 poisoned darts
 F - a throwing net
Armour
 c - a +0 buckler (worn)
 e - a +0 cloak (worn)
 f - a +1 pair of boots (worn)
 l - a +0 plate armour (worn)
 o - a +0 pair of gloves (worn)
 J - the +2 hat of the Muttering Gods (worn) {rN+ Dex+4 SInv}
   (You acquired it on level 8 of the Dungeon)

   Dex:       It affects your dexterity (+4).
   rN:        It protects you from negative energy.
   SInv:      It lets you see invisible.
Jewellery
 b - an amulet of regeneration (around neck)
 m - a +6 ring of strength (left hand)
 r - an amulet of faith
 I - a ring of protection from cold (right hand)
Wands
 q - a wand of polymorph (4)
 x - a wand of mindburst (21)
 B - a wand of flame (9)
 H - a wand of digging (6)
 K - a wand of quicksilver (11)
Scrolls
 t - 3 scrolls of blinking
 w - 4 scrolls of teleportation
 y - a scroll of magic mapping
 z - 2 scrolls of amnesia
 G - a scroll of silence
Potions
 d - a potion of might
 g - 5 potions of heal wounds
 h - 2 potions of attraction {unknown}
 i - 2 potions of haste
 j - 5 potions of curing {unknown}
 k - 3 potions of berserk rage
 n - a potion of ambrosia {unknown}
 p - 3 potions of mutation {unknown}
 v - a potion of magic {unknown}
 A - a potion of brilliance {unknown}
 C - a potion of lignification {unknown}
 D - 3 potions of flight {unknown}


   Skills:
 + Level 7.9(12.9) Fighting
 * Level 10.3(15.3) Axes
 + Level 5.4(10.4) Throwing
 + Level 7.9(12.9) Armour
 + Level 8.1(13.1) Shields
 + Level 3.6 Invocations


You had 9 spell levels left.
You didn't know any spells.
Your spell library contained the following spells:

 Spells                   Type           Power      Damage    Failure   Level
 Blink                    Tloc           0%         N/A       99%         2
 Lesser Beckoning         Tloc           0%         N/A       99%         2
 Momentum Strike          Conj/Tloc      0%         3d8       99%         2
 Scorch                   Fire           0%         2d5       99%         2
 Dazzling Flash           Conj/Hex       0%         N/A       100%        3
 Portal Projectile        Hex/Tloc       0%         N/A       100%        3
 Vhi's Electric Charge    Tloc/Air       0%         N/A       100%        3
 Flame Wave               Conj/Fire      0%         2d4       100%        4
 Iskenderun's Mystic Bla  Conj/Tloc      0%         2d3       100%        4
 Leda's Liquefaction      Hex/Erth       0%         N/A       100%        4
 Arcjolt                  Conj/Air       0%         1d10      100%        5
 Blade Hands              Tmut           0%         N/A       100%        5
 Starburst                Conj/Fire      0%         6d3       100%        6
 Maxwell's Capacitive Co  Air            0%         ∞         100%        8
 Summon Small Mammal      Summ           Unusable   N/A       N/A         1
 Call Canine Familiar     Summ           Unusable   N/A       N/A         3
 Summon Guardian Golem    Hex/Summ       Unusable   N/A       N/A         3
 Tukima's Dance           Hex            Unusable   N/A       N/A         3
 Summon Cactus Giant      Summ           Unusable   N/A       N/A         6

Dungeon Overview and Level Annotations

Branches:
Dungeon (9/15)             Temple (0/1) D:7
   Lair: D:8-11         Orc: D:9-12

Altars:
Ashenzari
Gozag
Makhleb
Nemelex Xobeh
Okawaru
Qazlal
Uskayaw
Wu Jian
Xom

Shops:
D:5 (

Annotations:
D:9 3 runed translucent doors, tarna41's ghost, novice MiBe


Innate Abilities, Weirdness & Mutations

You have a pair of horns on your head.
You reflexively headbutt those who attack you in melee.


Message History

An orc priest comes into view. It is wielding a +0 club.
The kobold hits you but does no damage.
The kobold brigand hits you but does no damage.
The orc priest mumbles some strange prayers to Beogh against you.
Beogh smites you!
You gain the combat prowess of a mighty hero.
The orc priest miscasts a cantrip.
You block the kobold's attack.
The kobold brigand hits you but does no damage.
You slash the kobold brigand!
You kill the kobold brigand!
Okawaru accepts your kill.
You hit the kobold.
You kill the kobold!
The orc priest calls down the wrath of Beogh upon you.
Beogh smites you! The kobold barely misses you.
The orc wizard closely misses you. You furiously retaliate!
You headbutt the orc wizard.
Things that are here:
a +0 club; 8 poisoned darts; a kobold corpse You slice the orc wizard!!
You kill the orc wizard!
Okawaru accepts your kill.
You barely miss the kobold.
The orc priest casts a cantrip, but nothing happens.
You barely miss the warg. You hit the kobold but do no damage.
You block the warg's attack. You block the kobold's attack.
The orc warrior hits you from afar with a +0 trident.
You slice the warg!!
The warg is severely wounded.
You closely miss the kobold. The warg bites you!
The orc priest invokes the aid of Beogh against you.
Beogh smites you!
* * * LOW HITPOINT WARNING * * *
The kobold closely misses you.
The orc priest mumbles some strange prayers to Beogh against you.
Beogh smites you!
* * * LOW HITPOINT WARNING * * *
The orc warrior hits you from afar with a +0 trident!
You die... .......... ........ ..o....# oo....# hcoo.# #ooK#

#hK# #@#
####+##.##
#.....)..#
#........#
#<.$######
#..##KK.##
#..#K#K#.##
#..+KK#..$#
#..+KKK..|#


You could see 2 wargs, an orc warrior, a centaur, 4 orc priests, 2 orcs and 2
kobolds.

Vanquished Creatures
  Maggie (D:7)
  A troll (D:8)
  Sigmund (D:4)
  A wyvern (D:8)
  Eustachio (D:4)
  A steam dragon (D:5)
  3 water moccasins
  2 ice beasts
  A black bear (D:8)
  A sky beast (D:7)
  2 orc warriors
  2 centaurs (D:8)
  2 phantoms
  3 kobold brigands
  4 bullfrogs
  3 gnoll sergeants
  A scorpion (D:5)
  3 wights (D:8)
  11 killer bees (D:8)
  2 howler monkeys (D:6)
  2 jellies
  4 orc priests
  3 hounds
  5 iguanas
  7 orc wizards
  14 gnolls
  8 adders
  3 shadow imps
  An ufetubus (D:6)
  A worm (D:3)
  A dart slug (D:2)
  20 orcs
  3 ball pythons
  8 endoplasms
  3 giant cockroaches
  8 goblins
  5 hobgoblins
  3 jackals
  16 kobolds
  4 quokkas
  2 bats
  A frilled lizard (D:3)
  3 rats
171 creatures vanquished.

Vanquished Creatures (others)
  3 plants (D:6)
3 creatures vanquished.

Grand Total: 174 creatures vanquished

Notes
Turn   | Place    | Note
-------+----------+-------------------------------------------
     0 | D:1      | bmack86 the Minotaur Fighter began the quest for the Orb.
     0 | D:1      | Reached XP level 1. HP: 19/19 MP: 0/0
   183 | D:1      | Reached XP level 2. HP: 27/27 MP: 1/1
   185 | D:1      | Reached skill level 3 in Axes
   787 | D:2      | Reached XP level 3. HP: 33/33 MP: 2/2
  1486 | D:3      | Found a stormy altar of Qazlal.
  1488 | D:3      | Noticed a water elemental
  1542 | D:3      | Found a sparkling altar of Nemelex Xobeh.
  1562 | D:3      | Noticed an earth elemental
  1563 | D:3      | Noticed an air elemental
  1563 | D:3      | Noticed a fire elemental
  1643 | D:3      | Reached XP level 4. HP: 40/40 MP: 3/3
  1648 | D:3      | Found a faded altar of an unknown god.
  1772 | D:3      | Found an ornate altar of the Wu Jian Council.
  1778 | D:3      | Noticed a spectral centipede
  1778 | D:3      | Noticed a spectral black mamba
  1778 | D:3      | Noticed a spectral cane toad
  2289 | D:4      | Reached skill level 4 in Axes
  2314 | D:4      | Noticed Eustachio
  2373 | D:4      | Killed Eustachio
  2374 | D:4      | Reached skill level 1 in Throwing
  2374 | D:4      | Reached XP level 5. HP: 28/47 MP: 4/4
  2478 | D:4      | Found an opulent altar of Gozag.
  2692 | D:4      | Noticed Sigmund
  2702 | D:4      | Killed Sigmund
  2703 | D:4      | Reached skill level 5 in Fighting
  2703 | D:4      | Reached skill level 5 in Axes
  2703 | D:4      | Reached skill level 5 in Armour
  2703 | D:4      | Reached skill level 5 in Shields
  2703 | D:4      | Reached XP level 6. HP: 56/56 MP: 5/5
  2852 | D:4      | Found a hide-covered altar of Uskayaw.
  3175 | D:5      | Entered Level 5 of the Dungeon
  3199 | D:5      | Reached XP level 7. HP: 61/61 MP: 6/6
  3322 | D:5      | Found Nyecune's Weapon Shop.
  3439 | D:5      | Noticed a steam dragon
  3451 | D:5      | Killed a steam dragon
  3452 | D:5      | Reached skill level 6 in Axes
  3561 | D:5      | Found a shimmering altar of Xom.
  3715 | D:6      | Reached skill level 7 in Axes
  3715 | D:6      | Reached XP level 8. HP: 26/70 MP: 7/7
  3826 | D:6      | Found a burning altar of Makhleb.
  3973 | D:6      | Found a broken altar of Ashenzari.
  4119 | D:6      | Found an iron altar of Okawaru.
  4142 | D:6      | Became a worshipper of Warmaster Okawaru
  4156 | D:6      | Reached skill level 8 in Axes
  4493 | D:7      | Reached skill level 1 in Invocations
  4559 | D:7      | Found a staircase to the Ecumenical Temple.
  4642 | D:7      | Reached * piety under Okawaru
  4712 | D:7      | Reached XP level 9. HP: 78/78 MP: 9/9
  5295 | D:7      | Noticed Maggie
  5305 | D:7      | Killed Maggie
  5306 | D:7      | Reached skill level 9 in Axes
  5777 | D:8      | Reached ** piety under Okawaru
  5780 | D:8      | Reached skill level 5 in Throwing
  6138 | D:8      | Reached skill level 10 in Axes
  6275 | D:8      | Reached XP level 10. HP: 38/87 MP: 9/11
  6448 | D:8      | Identified a scroll of acquirement
  6448 | D:8      | Acquired the +2 hat of the Muttering Gods {rN+ Dex+4 SInv}
  6480 | D:9      | Noticed a gargoyle
  6652 | D:9      | Noticed tarna41's ghost (novice MiBe)
  6652 | D:9      | Found a runed translucent gate.
  6652 | D:9      | Found a runed translucent gate.
  6652 | D:9      | Found a runed translucent gate.
  6690 | D:9      | Slain by an orc warrior

Illustrated notes

Levels and vault maps discovered:
D:1:      eino_arrival_water_cross, layout_basic, chequers_serial_rivers_room_a
D:2:      minmay_spotlight, layout_basic, chequers_arboretum, hex_intersection
D:3:      layout_loops_cross, nicolae_qazlal_style_of_elements,
          mainiacjoe_overflow_catwalk, pdpol_wu_jian_five_deadly_venoms,
          shapermc_ecumenical_altar_acropolis
D:4:      layout_basic, grunt_gozag_statues, lemuel_tele_altar, uniq_sigmund,
          uniq_eustachio
D:5:      layout_gridville, mainiacjoe_overflow_tiny_flanked, serial_shops,
          kennysheep_mini
D:6:      layout_basic, kennysheep_okawaru_gauntlet,
          mainiacjoe_overflow_cross_hatched, lemuel_doored_altar,
          lemuel_flamethrower_1
D:7:      layout_loops_corners, minmay_temple_entry_tees,
          palyth_stone_intersect, nicolae_figureground_pulse, uniq_maggie
D:8:      layout_gridville, minmay_fractal_squares_gapless_5
D:9:      layout_roguey, nicolae_overflow_crystal_walls, dk_yredelemnul_ordeal,
          erik_lair_orcish_takeover, gammafunk_ghost_nasty_kobolds,
          grunt_ministairs_10

Skill      XL: |  1  2  3  4  5  6  7  8  9 10 |
---------------+-------------------------------+-----
Axes           | 3 4 5 7 8 10 | 10.3
Armour         | 4 5 6 7 |  7.9
Shields        | 4 5 6 7 8 |  8.1
Fighting       | 4 5 6 7 |  7.9
Throwing       | 1 2 3 4 5 |  5.4
Invocations    | 1 3 |  3.6

Action                     |  1- 3 |  4- 6 |  7- 9 | 10-12 || total
---------------------------+-------+-------+-------+-------++-------
  Melee: War axe           |    61 |    96 |   225 |    28 ||   410
         Headbutt          |     9 |     9 |    46 |     4 ||    68
  Throw: Dart              |       |       |     1 |       ||     1
 Invoke: Heroism           |       |       |     3 |     1 ||     4
  Evoke: Wand              |       |       |     2 |       ||     2
    Use: Scroll            |     1 |     8 |     7 |     2 ||    18
         Potion            |       |       |     1 |       ||     1
 Armour: Scale mail        |    20 |       |       |       ||    20
         Plate armour      |    16 |    86 |   229 |    28 ||   359
  Dodge: Dodged            |    26 |    59 |   117 |    10 ||   212
  Block: Buckler           |    17 |    29 |    78 |    22 ||   146

Table legend: (Time is in decaauts)
 A = Elapsed time spent in this place.
 B = Non-inter-level travel time spent in this place.
 C = Inter-level travel time spent in this place.
 D = Time resting spent in this place.
 E = Time spent auto-exploring this place.
 F = Levels seen in this place.
 G = Mean time per level.
                   A        B        C        D        E       F      G
               +--------+--------+--------+--------+--------+-----+--------+
         Total |   6765 |   6503 |    262 |    208 |   4056 |   9 |  751.7 |
       Dungeon |   6765 |   6503 |    262 |    208 |   4056 |   9 |  751.7 |
               +--------+--------+--------+--------+--------+-----+--------+

Top non-repeatable levels by time:
     D:8: 1173 daAuts
     D:7: 1035 daAuts
     D:4: 995 daAuts
     D:6: 814 daAuts
     D:2: 810 daAuts
     D:3: 779 daAuts
     D:1: 638 daAuts
     D:5: 469 daAuts
     D:9: 48 daAuts
